Cogmind - Beta 13 @@@ ROGUE MODE // 2024.05.04 @ 17:02:52 Player: dwarfinator Result: Destroyed by YI-UF0 with YI-UF0's Doublenader Performance ------------- Evolutions (0) 0 Regions Visited (2) 400 Robots Destroyed (0) 0 Value Destroyed (0) 0 Prototype IDs (0) 0 Alien Tech Used (0) 0 Bonus (0) 0 TOTAL SCORE: 400 Bonus ------- None Cogmind --------- Core Integrity 0/250 Matter 300/300 Energy 98/100 System Corruption 0% Temperature Cool (0) Movement Core (50) Location -10/Mines Parts ------- > --- POWER (1) -------- (None) > --- PROPULSION (2) --- (None) > --- UTILITY (2) ------ Structural Scanner Seismic Detector > --- WEAPON (2) ------- Small Laser > --- INVENTORY (5) ---- Small Storage Unit Medium Storage Unit Structural Scanner ECM Suite Grenade Launcher Peak State ------------ > --- POWER ------------ (None) > --- PROPULSION ------- (None) > --- UTILITY ---------- Seismic Detector > --- WEAPON ----------- Assault Rifle Light Assault Rifle > --- INVENTORY -------- Ion Engine Ion Engine Small Storage Unit Assault Rifle [Rating: 3] Favorites ----------- Power None Propulsion None Utility Seismic Detector Device Seismic Detector Weapon Mining Laser Energy Gun Small Laser Ballistic Gun Light Assault Rifle Special Weapon Mining Laser Build | -11 -10 -10 ------- Run | Yrd Mat Min Slots Evolved . | . . . Power . | . . . Propulsion . | . . . Utility . | . . . Weapon . | . . . Parts Attached 10 | 2 7 1 Power . | . . . Engine . | . . . Core . | . . . Reactor . | . . . Propulsion . | . . . Treads . | . . . Leg . | . . . Wheel . | . . . Hover . | . . . Flight . | . . . Utility 6 | . 6 . Device 6 | . 6 . Storage . | . . . Processor . | . . . Hackware . | . . . Protection . | . . . Artifact . | . . . Weapon 4 | 2 1 1 Energy Gun 1 | . . 1 Energy Cannon . | . . . Ballistic Gun 2 | 2 . . Ballistic Cannon . | . . . Launcher . | . . . Special Weapon 1 | . 1 . Impact Weapon . | . . . Slashing Weapon . | . . . Piercing Weapon . | . . . Special Melee Weapon . | . . . Unidentified Prototypes . | . . . Parts Lost 1 | . . 1 Power . | . . . Propulsion . | . . . Utility . | . . . Weapon 1 | . . 1 Highest Loss Streak 1 | . . 1 To Critical Strikes . | . . . Average Slot Usage (%) 37 | . 38 36 Device 24 | . 23 28 Energy Gun 1 | . . 6 Ballistic Gun 4 | . 6 . Special Weapon 6 | . 8 2 Naked Turns . | . . . Heaviest Build 3 | 3 3 3 Greatest Support 3 | 3 3 3 Greatest Overweight (x) . | . . . Average Overweight (x) . | . . . Largest Inventory Capacity 5 | 5 5 5 Average Capacity 5 | 5 5 5 Most Carried 5 | 4 5 5 Average Carried 4 | 2 4 4 Final Capacity 5 | 5 5 5 Final Carried 5 | 4 4 5 Class Distribution -------------------- 100% | Mutant Dominant Class ---------------- Mutant | -10/Materials Mutant | -10/Mines Resources | -11 -10 -10 ----------- Run | Yrd Mat Min Matter Collected 300 | 220 70 10 Remotely . | . . . Salvage Created . | . . . Parts . | . . . Haulers Intercepted . | . . . Recyclers Shooed . | . . . Parts Field Recycled . | . . . Retrieved Matter . | . . . Parts Self-Destructed . | . . . Prevented . | . . . Kills | -11 -10 -10 ------- Run | Yrd Mat Min Combat Hostiles Destroyed . | . . . Classes Destroyed . | . . . Best Kill Streak . | . . . Combat Bots Only . | . . . Max Kills in Single Turn . | . . . Gunslinging . | . . . Exploded . | . . . Melee . | . . . Uniques/NPCs Destroyed . | . . . Combat | -11 -10 -10 -------- Run | Yrd Mat Min Hostile Shots Fired 25 | . 8 17 Missed 9 | . 4 5 Damage Taken 329 | . 52 277 Core 252 | . 42 210 Absorbed by Shields . | . . . Core Remaining (%) 100 | 100 . . Volleys Fired 3 | . 3 . Largest 1 | . 1 . Hottest 100 | . 100 . Shots Fired 3 | . 3 . Gun . | . . . Cannon . | . . . Launcher . | . . . Special 3 | . 3 . Kinetic . | . . . Thermal 3 | . 3 . Explosive . | . . . Electromagnetic . | . . . Robot Hit Streak . | . . . Robot Miss Streak . | . . . Penetration Max . | . . . Secondary Targets . | . . . Shots Hit Robots . | . . . Core Hits . | . . . Critical Kills . | . . . Critical Parts Destroyed . | . . . Critical Strikes . | . . . Melee Attacks . | . . . Impact . | . . . Slashing . | . . . Piercing . | . . . Sneak Attacks . | . . . Combat Hostiles . | . . . Follow-up Attacks . | . . . Damage Inflicted . | . . . Guns . | . . . Cannons . | . . . Explosions . | . . . Melee . | . . . Ramming . | . . . Kinetic . | . . . Thermal . | . . . Explosive . | . . . Electromagnetic . | . . . Impact . | . . . Slashing . | . . . Piercing . | . . . Highest Corruption . | . . . Average Corruption . | . . . Corruption Purged . | . . . Corruption Blocked . | . . . Overload Shots . | . . . Overflow Damage . | . . . Projectiles . | . . . Explosions . | . . . Melee . | . . . Knockbacks . | . . . Impact . | . . . Kinetic . | . . . Secondary . | . . . Self-Inflicted Damage . | . . . Shots . | . . . Rammed . | . . . Targets Rammed . | . . . Kicked . | . . . Crushed . | . . . Highest Temperature . | . . . Average Temperature . | . . . Received Heat Transfer 51 | . 30 21 Siege Activations . | . . . Robots Corrupted . | . . . Combat Hostiles . | . . . Parts Fried . | . . . Impact Corruptions . | . . . Robots Melted . | . . . Combat Hostiles . | . . . Parts Melted . | . . . Heat Transferred . | . . . Parts Sabotaged . | . . . Parts Stolen . | . . . Parts Stripped . | . . . Power Chain Reactions . | . . . Alert | -11 -10 -10 ------- Run | Yrd Mat Min Peak Influence 256 | . 256 194 Initial 99 | . . 99 Average 135 | . 138 149 Maximum Alert Level 1 | . 1 . Low Security (%) 95 | 100 94 100 Level 1 4 | . 5 . Level 2 . | . . . Level 3 . | . . . Level 4 . | . . . Level 5 . | . . . High Security . | . . . Max Security . | . . . Squads Dispatched 3 | . 3 . Investigation . | . . . Extermination . | . . . Reinforcement 3 | . 3 . Assault . | . . . Garrison . | . . . Intercept . | . . . Searches Triggered . | . . . Construction Impeded . | . . . Haulers Reinforced . | . . . Active Scanning Responses . | . . . Cargo Convoy Interrupts . | . . . Stealth | -11 -10 -10 --------- Run | Yrd Mat Min Distress Signals 2 | . 2 . Communications Jammed . | . . . Distress Signals . | . . . Times Spotted 31 | . 18 13 Peak Tracking Total 8 | . 8 4 Tactical Retreats 10 | . 6 4 Traps | -11 -10 -10 ------- Run | Yrd Mat Min Traps Triggered . | . . . Indirectly . | . . . Trap Hack Attempts . | . . . Triggered . | . . . Disarmed . | . . . Reprogrammed . | . . . Reused . | . . . Traps Extracted . | . . . Installed . | . . . Triggered . | . . . Machines | -11 -10 -10 ---------- Run | Yrd Mat Min Machines Disabled . | . . . Max in Single Turn . | . . . Machines Repaired . | . . . Machines Dismantled . | . . . Machines Sabotaged . | . . . Overloaded Fab Kills . | . . . Hacking | -11 -10 -10 --------- Run | Yrd Mat Min Machines Accessed 5 | . 5 . Terminals 5 | . 5 . Fabricators . | . . . Repair Stations . | . . . Recycling Units . | . . . Scanalyzers . | . . . Garrison Access . | . . . Total Hacks 13 | . 13 . Successful 6 | . 6 . Failed 7 | . 7 . Catastrophic 1 | . 1 . Database Lockouts . | . . . Manual 10 | . 10 . Terminals 13 | . 13 . Fabricators . | . . . Repair Stations . | . . . Recycling Units . | . . . Scanalyzers . | . . . Garrison Access . | . . . Terminal Hacks 3 | . 3 . Robot Analysis 1 | . 1 . Registered Components 1 | . 1 . Registered Prototypes 1 | . 1 . Fabricator Hacks . | . . . Repair Station Hacks . | . . . Recycling Unit Hacks . | . . . Scanalyzer . | . . . Garrison Access Hacks . | . . . Unauthorized Hacks 3 | . 3 . Terminals 3 | . 3 . Assimilate 1 | . 1 . Botnet 1 | . 1 . Operators 1 | . 1 . Fabricators . | . . . Repair Stations . | . . . Recycling Units . | . . . Scanalyzers . | . . . Garrison Access . | . . . Data Cores Recovered . | . . . Used . | . . . Hacking Detections 5 | . 5 . Full Trace Events . | . . . Feedback Events . | . . . Feedback Blocked . | . . . Robot Schematics Acquired . | . . . Robots Built . | . . . Authchips . | . . . Time . | . . . Total Robot Build Rating . | . . . Part Schematics Acquired . | . . . Parts Built . | . . . Authchips . | . . . Time . | . . . Total Part Build Rating . | . . . Parts Repaired . | . . . Time . | . . . Parts Recycled . | . . . Recycled Matter . | . . . Retrieved Matter . | . . . Retrieved Components . | . . . Parts Scanalyzed . | . . . Part Schematics Acquired . | . . . Parts Damaged . | . . . Bothacking | -11 -10 -10 ------------ Run | Yrd Mat Min Used RIF Installer . | . . . Robots Hacked . | . . . Non-combat . | . . . Combat . | . . . Robot Hacks Applied . | . . . Relay Couplers Released . | . . . Fabnet Peak Effective % . | . . . Robots Rewired . | . . . Allies Hacked . | . . . Hacks Repelled . | . . . Allies | -11 -10 -10 -------- Run | Yrd Mat Min Total Allies . | . . . Largest Group . | . . . Highest-Rated Group . | . . . Highest-Rated Ally . | . . . Total Orders . | . . . Ally Attacks . | . . . Total Damage . | . . . Kills . | . . . Allies Corrupted . | . . . Allies Melted . | . . . Intel | -11 -10 -10 ------- Run | Yrd Mat Min Robot Analysis Total 1 | . 1 . Derelict Logs Recovered . | . . . Drone Launches . | . . . Drone Recoveries . | . . . Exploration | -11 -10 -10 ------------- Run | Yrd Mat Min Turns Passed 550 | 24 396 130 Spaces Moved 900 | 35 644 221 Core 900 | 35 644 221 Treads . | . . . Legs . | . . . Wheels . | . . . Hover . | . . . Flight . | . . . Fastest Speed 50 | 50 50 50 Average Speed 50 | 50 50 50 Slowest Speed 50 | 50 50 50 Overloaded Moves . | . . . Propulsion Burnouts . | . . . Robots Hopped . | . . . Cave-ins Triggered . | . . . Exploration Rate (%) 48 | 3 89 53 Regions Visited 2 Branch Regions 1 Pre-discovered Areas . | . . . Known Exits Taken . | . . . Unknown Exits Taken 2 | 1 1 . Scrap Searched 1 | . . 1 Spaces Dug 2 | . 2 . Terrain Destroyed 3 | . 3 . Melee . | . . . Projectile 3 | . 3 . AOE . | . . . Terrain Rammed . | . . . Walls Destroyed . | . . . Machines Disabled . | . . . Actions | -11 -10 -10 --------- Run | Yrd Mat Min Total 990 | 40 710 240 Wait 60 | . 43 17 Move 898 | 34 643 221 Hop . | . . . Pick Up 10 | 4 5 1 Fast Attach 5 | 2 2 1 Attach 2 | . 2 . Detach 3 | . 3 . Swap 3 | . 3 . Drop 6 | . 6 . Fire 3 | . 3 . Melee . | . . . Ram . | . . . Kick . | . . . Crush . | . . . Escape Stasis . | . . . Rewire . | . . . Trap . | . . . Miscellaneous . | . . . Route ------- -11/Scrapyard -10/Materials (discovered 5 exits: [*Mat x3] / [*Min] / [Sub]) -10/Mines History --------- Turn | Location | Event 16 | -11/Scrapyard | Discovered new exit (range 16) 25 | -11/Scrapyard | Entered Materials 52 | -10/Materials | Discovered new exit (range 16) 60 | -10/Materials | Discovered new exit (range 11) 211 | -10/Materials | Discovered new exit (range 14) 250 | -10/Materials | Discovered new exit (range 8) 301 | -10/Materials | Build established: Mutant 311 | -10/Materials | Discovered new exit (range 12) 421 | -10/Materials | Entered Mines 514 | -10/Mines | Core integrity fell below 50% 520 | -10/Mines | Core integrity fell below 20% 551 | -10/Mines | Destroyed by YI-UF0 with YI-UF0's Doublenader Last Messages --------------- 00469_ YI-UF0: "Whaaaaaaaa!" 00470_ YI-UF0: "KABOOM!" 00470_ YI-UF0: "BLAM!" 00470_ YI-UF0: "BAROOM!" 00479_ YI-UF0 mumbles something. 00493_ Searching scrap... 00493_ Found Structural Scanner. 00493_ Found Sml. Laser. 00493_ Found Structural Scanner. 00493_ Found 18 Matter. 00494_ Acquired Sml. Laser. 00495_ Acquired 10 matter. 00496_ Acquired Structural Scanner. 00505_ Pressure Siphon disabled. 00506_ YI-UF0 mumbles something. 00506_ The unstable cave ceiling collapses. 00507_ K-01 Serf collects debris. 00507_ U-05 Engineer builds a Wall. 00511_ YI-UF0: "BWOOM!" 00517_ T-07 Excavator destroyed. Map ----- +----------------------------------------------------+ | ???????????????????????????????????????????? | | ???????????????????????????????????????????? | | ???????????????????????????????????????????? | | ???????????????????????????????????????????? | | ?????????????????????????????????????######? | | ?????????????????????????????????????######? | | ???????????????????????????????????? ##? | | ?????????????????????????????##### ##? | | ?????????????????????????????##### """ ##? | | ?????????????????????????????## """ ##? | | ?????????????????????########## ## """ ##? | | ?????????????????????########## ## ? ##? | | ??????????????? ##???? ##? | | ?????????????????????######### ###?????####? | | ?????????????????????######### ###?????####? | | ????????????????????????????## ##??????????? | | ??????????????????????????#### ##??????????? | | ??????????????????????????#### ##??????????? | | ??????????????????????????## ##??????????? | | ??????????????????????????## ####??????????? | | ????????????????????????#### ####??????????? | | ??????????????????????###### ######????????? | | ??????????????????????#### #s######????????? | | ??????????????????????### ##????????? | | ??????????????????????## ##### ##????????? | | ??????????#####???????## @ ##### ##????????? | | ??????????#######?????## # #### ##????????? | | ?????????### ###???#### #### ##????????? | | ?????????### ##???#### # ### ##????????? | | ????????### ##???## ## ##????????? | | ???????#### ##???## ## ######????? | | ???????### ####### ### ######????? | | ???????## ####### ### ##????? | | ???????## ## ####### ##????? | | ???????### ########%##????? | | ???????##### g ###???## ###???? | | ????????##### "" ##??###!####??? | | ??????????### "" ###?#### ####?? | | ??????????## " ######### ####? | | ??????????## """ ######## ###? | | ??######??### ## ####### ##? | | ?########?########## ## ##? | | #### ###??######### # ###? | | ### ##????????### ####? | | ## ###?????###### ### ####?? | | # ############## ######## ####??? | | ########### * ############???? | | = !% ####???######????? | | ! ####?????????????? | | ############# # ##???????????????? | +----------------------------------------------------+ Best States ------------- Heat Dissipation 25 Energy Generation 5 Energy Capacity 100 Matter Stores 300 Matter Capacity 300 Sight Range 16 Terrain Scan Density 10 ECM Strength 1 Evasion (%) 50 Item Schematics ----------------- None Robot Schematics ------------------ None Fabricated ------------ Nothing Alien Tech Used ----------------- None Achievements -------------- None Challenges ------------ None Game ------ Seed SniperWeaponsDoomcannon Manual? 0 Play Time 00:27:05 Cumulative 51.5 hours Start 2024.05.04 @ 16:36:01 End 2024.05.04 @ 17:02:52 Sessions 1 Manual Loads 0 Difficulty Rogue Special Mode None Game No. 8 Rogue 5 Adventurer 3 Explorer 0 Win Type - Total 0 Types 0/0/0/0/0/0/0/0/0 Lore% 31 Gallery% 56 Achievement% 48 Wizard Run 0 Options --------- Layout 0 ASCII 0 Keyboard 0 Movement Numpad Keybinds 0 Fullscreen 1 Font 18/SmallcapsGlow Map View 76x50 Zoom Use 0% Tactical HUD 1 Map Filters NONE Filters NONE Steam 1 RUN: 793fa9e4-f13a-452e-9fe8-e959abac7d38